Map: Efflorescence LE

Players

Nagasaki

  • Race: Protoss Protoss
  • Spawn Location: 3:00

Alpha

  • Race: Protoss Protoss
  • Spawn Location: 12:00

qqq - Winner!

  • Race: Zerg Zerg
  • Spawn Location: 6:00

Massa - Winner!

  • Race: Terran Terran
  • Spawn Location: 9:00

VOD

Have the link to the VOD?

Description

Time

  • Played on: April 6, 2021, 1:16 p.m.
  • Length: 16:44
Show
View Real Time Build Order
Export as new Build Order

Nagasaki Protoss 

Build Orders: Colossus Rush 

Get SALT Encoding   

  12  0:00  Probe  
  13  0:12  Probe  
  14  0:17  Pylon  
  14  0:24  Probe  
  15  0:36  Gateway  
  15  0:39  Probe (Chrono Boost)  
  16  0:49  Assimilator  
  16  0:51  Probe (Chrono Boost)  
  17  1:02  Probe  
  18  1:07  Gateway  
  18  1:14  Probe  
  19  1:26  Probe  
  20  1:32  Cybernetics Core  
  20  1:39  Assimilator  
  20  1:42  Probe  
  21  1:49  Pylon  
  21  1:55  Probe  
  22  2:07  Probe  
  23  2:09  Stalker (Chrono Boost)  
  23  2:11  Stalker (Chrono Boost)  
  27  2:19  Shield Battery  
  27  2:31  Pylon  
  27  2:45  Stalker x2  
  31  2:55  Robotics Facility  
  31  3:10  Probe  
  32  3:33  Probe  
  33  3:38  Nexus  
  33  3:43  Observer  
  33  3:45  Probe, Twilight Council  
  35  3:57  Probe  
  36  4:05  Pylon  
  37  4:10  Probe (Chrono Boost)  
  37  4:14  Robotics Bay  
  37  4:22  Probe (Chrono Boost)  
  38  4:27  Probe (Chrono Boost)  
  39  4:32  Blink  
  39  4:36  Probe  
  40  4:42  Warp Gate (Chrono Boost)  
  40  4:45  Stalker  
  40  4:48  Probe  
  43  4:54  Probe  
  44  5:00  Probe  
  45  5:08  Probe (Chrono Boost)  
  45  5:11  Assimilator, Extended Thermal Lance  
  45  5:13  Probe (Chrono Boost)  
  47  5:16  Assimilator  
  47  5:20  Probe (Chrono Boost)  
  48  5:22  Probe (Chrono Boost)  
  48  5:25  Probe (Chrono Boost)  
  50  5:30  Probe  
  50  5:34  Probe  
  52  5:42  Probe  
  53  5:43  Gateway  
  53  5:45  Gateway  
  53  5:46  Probe  
  54  5:53  Colossus (Chrono Boost)  
  54  5:54  Probe  
  61  5:59  Probe  
  62  6:10  Pylon  
  62  6:17  Pylon  
  62  6:27  Pylon  
  62  6:28  Probe x2  
  62  6:32  Sentry x2  
  68  6:39  Disruptor  
  67  6:56  Stalker x2  
  67  7:04  Stalker  
  67  7:05  Stalker  
  69  7:19  Disruptor  
  72  7:37  Stalker x3  
  72  7:38  Stalker  
  69  7:57  Disruptor (Chrono Boost)  
  72  8:09  Stalker x4  
  61  8:35  Gateway x2  
  61  8:37  Gateway  
  61  8:40  Gateway  
  55  8:49  Stalker x3  
  55  8:50  Stalker  
  55  8:52  Colossus (Chrono Boost)  
  65  9:13  Probe  
  66  9:17  Stalker x4  
  66  9:19  Charge  
  74  9:31  Probe  
  75  9:36  Observer  
  75  9:41  Nexus, Assimilator, Forge  
  75  9:43  Forge  
  75  9:45  Assimilator  
  75  10:11  Pylon  
  75  10:14  Observer  
  75  10:18  Pylon  
  75  10:28  Colossus (Chrono Boost)  
  81  10:38  Protoss Ground Weapons Level 1 (Chrono Boost), Protoss Ground Armor Level 1 (Chrono Boost)  
  81  10:40  Probe  
  81  10:41  Probe  
  83  10:49  Templar Archives  
  83  10:53  Probe  
  83  11:01  Probe  
  84  11:05  Probe  
  84  11:07  Probe  
  84  11:10  Stalker x3  
  92  11:13  Probe  
  92  11:17  Probe  
  94  11:27  Pylon  
  94  11:30  Pylon  
  94  11:32  Pylon  
  94  11:33  Disruptor  
  88  11:57  Stalker x2  
  88  11:58  Stalker x5  
  92  12:14  Zealot  
  94  12:19  Zealot x4  
  101  12:25  Zealot x2  
  101  12:26  Zealot  
  76  12:55  Stalker x5  
  83  13:04  Protoss Ground Weapons Level 2 (Chrono Boost)  
  83  13:05  Protoss Ground Armor Level 2 (Chrono Boost)  
  83  13:16  Observer (Chrono Boost)  
  82  13:21  Probe  
  83  13:28  Zealot x2  
  83  13:29  Zealot x2  
  50  14:04  Observer  
  51  14:16  Dark Shrine  
  51  14:22  Zealot x3  
  51  14:23  Zealot x5  
Show
View Real Time Build Order
Export as new Build Order

Alpha Protoss 

Build Orders:  

Get SALT Encoding   

  12  0:00  Probe (Chrono Boost)  
  13  0:11  Probe (Chrono Boost)  
  14  0:16  Probe (Chrono Boost)  
  15  0:22  Pylon  
  15  0:29  Assimilator  
  15  0:40  Probe  
  16  0:44  Gateway  
  16  0:52  Probe  
  17  0:57  Assimilator  
  17  1:04  Probe (Chrono Boost)  
  17  1:07  Gateway  
  18  1:16  Probe (Chrono Boost)  
  19  1:22  Probe (Chrono Boost)  
  20  1:31  Probe  
  21  1:34  Cybernetics Core  
  21  1:36  Pylon  
  21  1:43  Probe  
  22  2:02  Gateway  
  22  2:08  Stalker (Chrono Boost)  
  26  2:18  Stalker (Chrono Boost)  
  26  2:20  Shield Battery  
  26  2:21  Warp Gate (Chrono Boost)  
  26  2:25  Pylon  
  26  2:35  Shield Battery  
  26  2:52  Stalker x2  
  26  2:56  Probe  
  31  3:02  Stalker  
  33  3:24  Stalker x2  
  37  3:36  Pylon  
  37  4:11  Adept x2  
  37  4:12  Adept  
  43  4:36  Nexus  
  43  4:50  Twilight Council  
  43  4:55  Probe  
  44  5:07  Probe  
  43  5:20  Zealot x2  
  43  5:21  Zealot  
  45  5:31  Robotics Facility  
  45  5:32  Robotics Facility  
  45  5:36  Blink  
  45  5:43  Stalker  
  45  5:46  Assimilator  
  47  5:50  Assimilator  
  47  5:53  Probe  
  47  5:55  Pylon  
  46  6:21  Stalker x3  
  28  7:08  Stalker x2  
  28  7:09  Immortal (Chrono Boost), Stalker  
  29  7:38  Zealot x3  
  29  7:42  Immortal  
  31  8:08  Stalker  
  31  8:09  Stalker x2  
  37  8:21  Immortal  
  31  8:35  Stalker  
  31  8:36  Stalker  
  35  8:56  Stalker  
  35  8:59  Stalker  
  39  9:33  Nexus  
  39  9:39  Observer  
  39  9:44  Probe (Chrono Boost)  
  41  9:56  Probe (Chrono Boost)  
  42  10:04  Probe (Chrono Boost)  
  44  10:15  Probe (Chrono Boost)  
  44  10:20  Probe (Chrono Boost)  
  44  10:24  Immortal (Chrono Boost)  
  49  10:50  Immortal (Chrono Boost)  
  53  11:01  Probe x2  
  54  11:10  Assimilator  
  54  11:13  Probe, Assimilator  
  55  11:25  Immortal  
  59  11:34  Sentry x3  
  59  11:36  Probe  
  56  12:13  Zealot x2  
  56  12:14  Zealot  
  54  12:26  Immortal x2  
  52  12:56  Zealot  
  52  12:57  Zealot x2  
  56  13:04  Immortal x2 (Chrono Boost)  
  64  13:16  Dark Shrine  
  64  13:21  Probe  
  64  13:22  Probe  
  64  13:26  Zealot x2  
  70  13:37  Pylon  
  70  13:41  Pylon  
  70  13:47  Probe  
  43  14:07  Zealot x3  
  49  14:17  Immortal x2  
  56  14:34  Dark Templar  
  56  14:35  Dark Templar x2  
  55  15:11  Gateway  
  55  15:12  Gateway  
  55  15:13  Gateway  
  53  15:16  Stalker x3  
  53  15:17  Gateway  
  53  15:20  Observer x2  
  61  15:41  Zealot x2  
  65  16:07  Stalker  
  65  16:08  Stalker x3  
  65  16:09  Stalker x2  
  77  16:11  Stalker  
Show
View Real Time Build Order
Export as new Build Order

qqq Zerg - Winner!

Build Orders: Hatch First, Lurkers 

Get SALT Encoding   

  12  0:00  Drone  
  13  0:11  Drone  
  14  0:19  Overlord  
  14  0:42  Drone x2  
  16  0:43  Drone  
  17  1:01  Hatchery  
  16  1:25  Spawning Pool  
  15  1:30  Drone x2  
  15  1:32  Drone  
  18  1:39  Extractor  
  17  1:49  Drone  
  18  2:00  Drone  
  19  2:04  Drone  
  20  2:14  Roach Warren  
  20  2:15  Drone x2  
  21  2:17  Queen  
  23  2:27  Queen  
  25  2:34  Overlord  
  25  2:37  Extractor  
  25  2:40  Drone  
  25  2:43  Drone  
  26  2:46  Drone  
  27  2:56  Lair  
  27  3:02  Drone  
  27  3:04  Roach  
  30  3:09  Roach  
  32  3:15  Overlord  
  32  3:23  Roach  
  32  3:26  Roach  
  36  3:30  Overlord  
  36  3:39  Roach  
  36  3:40  Drone  
  39  3:41  Drone  
  39  3:44  Drone  
  39  3:47  Drone  
  42  3:54  Glial Reconstitution  
  42  4:00  Roach  
  44  4:08  Overlord  
  44  4:21  Overlord  
  44  4:29  Drone, Evolution Chamber  
  44  4:30  Drone  
  44  4:31  Overlord  
  45  4:32  Roach x2  
  45  4:36  Roach  
  51  4:39  Drone  
  51  4:53  Drone x3  
  51  4:57  Zerg Ground Armor Level 1  
  54  5:03  Metabolic Boost  
  54  5:04  Zergling x4  
  56  5:19  Roach x3  
  56  5:20  Roach x2  
  66  5:22  Roach  
  66  5:27  Overlord  
  68  5:31  Overlord  
  68  5:34  Overlord  
  68  5:39  Overlord  
  68  5:43  Overlord  
  68  5:47  Ravager  
  68  5:48  Ravager  
  70  5:53  Roach  
  70  5:54  Drone, Roach  
  70  5:55  Drone  
  76  5:59  Extractor  
  76  6:00  Drone x2  
  77  6:08  Roach x2  
  80  6:19  Roach x4  
  80  6:22  Drone  
  89  6:26  Zergling x2  
  87  6:49  Zergling x6  
  87  6:50  Roach x2  
  92  7:04  Zergling x4, Roach  
  94  7:24  Zergling x8  
  94  7:27  Hatchery  
  85  7:43  Roach x3  
  85  7:44  Roach x5  
  83  8:10  Roach x8  
  83  8:11  Roach x2  
  103  8:18  Roach x2  
  89  8:22  Extractor  
  88  8:33  Drone, Roach  
  83  8:51  Zerg Melee Weapons Level 1  
  83  8:52  Zergling x4  
  83  8:53  Hatchery, Drone x2, Roach x3  
  83  8:54  Drone  
  93  9:01  Hatchery  
  92  9:04  Drone  
  92  9:05  Zergling x2  
  94  9:14  Evolution Chamber  
  94  9:16  Drone x2  
  94  9:17  Hydralisk Den, Roach x3  
  94  9:18  Drone, Roach  
  103  9:24  Drone  
  103  9:25  Roach x2  
  103  9:30  Queen  
  110  9:35  Drone  
  110  9:36  Drone  
  112  9:39  Overlord  
  112  9:44  Zerg Missile Weapons Level 1  
  112  9:49  Drone x2  
  114  9:58  Muscular Augments  
  114  10:01  Overseer  
  114  10:02  Lurker Den  
  114  10:05  Spore Crawler  
  112  10:08  Spine Crawler  
  112  10:10  Spore Crawler  
  112  10:14  Queen  
  110  10:17  Drone  
  110  10:19  Drone  
  114  10:22  Roach  
  116  10:34  Roach x3  
  116  10:35  Roach  
  99  10:36  Drone  
  100  10:45  Drone  
  100  10:46  Drone, Roach  
  100  10:47  Roach  
  100  10:49  Hydralisk  
  108  11:04  Hydralisk  
  108  11:05  Hydralisk x2  
  108  11:06  Drone x3  
  117  11:12  Zergling x2  
  117  11:13  Zergling x2  
  119  11:18  Zerg Melee Weapons Level 2  
  119  11:19  Infestation Pit  
  119  11:23  Hydralisk  
  120  11:27  Lurker  
  120  11:31  Spine Crawler  
  120  11:33  Spine Crawler  
  120  11:35  Drone  
  120  11:36  Drone x2  
  116  11:59  Drone, Roach x5  
  116  12:00  Drone x5  
  130  12:10  Lurker  
  130  12:11  Lurker x3  
  130  12:13  Overlord  
  130  12:14  Overlord  
  134  12:32  Hydralisk x3  
  135  12:58  Hydralisk x2  
  135  12:59  Hydralisk  
  135  13:00  Roach x4  
  135  13:01  Drone, Overlord x3  
  135  13:02  Overlord x4  
  150  13:11  Hive  
  150  13:19  Overseer  
  135  13:50  Zergling x4  
  135  13:51  Zergling x8, Roach  
  135  13:52  Hydralisk x4, Roach x6  
  127  14:06  Hydralisk x3  
  127  14:07  Roach  
  127  14:08  Drone, Roach  
  138  14:23  Lurker x2  
  140  14:26  Seismic Spines  
  140  14:33  Drone x5  
  138  14:54  Drone x5  
  138  14:55  Drone  
  138  14:57  Spine Crawler  
  143  15:07  Spore Crawler  
  143  15:08  Spine Crawler  
  143  15:09  Spine Crawler  
  143  15:12  Spore Crawler  
  143  15:13  Drone x4, Spine Crawler  
  143  15:14  Drone, Spine Crawler  
  143  15:16  Extractor x2  
  141  15:35  Lurker  
  141  15:36  Lurker x6  
  141  15:40  Drone x3, Zergling x2  
  141  15:41  Drone x2, Zergling x6  
  141  15:42  Drone x7  
  163  16:05  Extractor  
  163  16:07  Extractor  
  161  16:24  Ultralisk Cavern  
  161  16:25  Hatchery  
  159  16:28  Drone x3  
  159  16:29  Hatchery  
  159  16:31  Extractor  
  167  16:34  Hatchery  
  167  16:35  Extractor  
Show
View Real Time Build Order
Export as new Build Order

Massa Terran - Winner!

Build Orders:  

Get SALT Encoding   

  12  0:00  SCV  
  13  0:12  SCV  
  14  0:18  Supply Depot  
  14  0:24  SCV  
  15  0:43  Refinery  
  15  0:44  SCV  
  16  0:56  SCV  
  17  1:07  Barracks  
  17  1:09  SCV, Barracks  
  18  1:16  Supply Depot  
  18  1:24  SCV  
  19  1:30  Supply Depot  
  19  1:38  SCV  
  20  1:50  SCV  
  21  2:00  Reaper x2  
  23  2:03  Orbital Command  
  23  2:29  Factory  
  23  2:32  SCV  
  24  3:09  Bunker  
  24  3:13  Bunker  
  24  3:16  Command Center  
  24  3:17  SCV, Factory Tech Lab  
  25  3:22  Barracks  
  25  3:25  Barracks  
  25  3:41  Siege Tank  
  28  3:57  Barracks Tech Lab  
  28  4:02  Barracks Tech Lab  
  28  4:13  Widow Mine  
  28  4:15  Refinery, Marine x2  
  33  4:18  Marauder  
  33  4:22  Marauder  
  36  4:24  Concussive Shells  
  36  4:29  Orbital Command  
  36  4:31  SCV  
  36  4:33  Marine x2  
  39  4:39  Marine  
  39  4:43  Marauder  
  42  4:50  SCV  
  42  4:51  Marine x2  
  45  5:02  SCV  
  45  5:04  Stimpack  
  44  5:15  Barracks Reactor, Marine  
  44  5:17  Marauder x2  
  49  5:22  Widow Mine  
  49  5:27  SCV  
  49  5:28  SCV  
  53  5:33  Marine  
  53  5:34  Engineering Bay  
  54  5:48  Supply Depot  
  54  6:05  SCV  
  54  6:09  SCV, Marine x3  
  54  6:10  Marauder x2  
  62  6:19  Combat Shield  
  62  6:42  Marauder, Marine  
  62  6:44  Marine  
  62  6:51  Marine  
  62  6:54  Marauder  
  49  7:02  Marine  
  49  7:03  Barracks Tech Lab  
  49  7:04  Marauder  
  49  7:06  Siege Tank  
  53  7:10  SCV x2  
  53  7:15  Refinery, Marauder  
  55  7:22  SCV x2  
  57  7:34  SCV  
  57  7:35  Marauder x2  
  62  7:42  Supply Depot x3  
  62  7:43  Supply Depot x2  
  62  7:45  Supply Depot x2  
  62  7:54  Starport  
  62  8:03  SCV x2, Marine x2, Siege Tank  
  62  8:04  Marauder x3  
  75  8:05  Armory  
  75  8:10  Terran Infantry Weapons Level 1  
  75  8:15  SCV x2  
  77  8:21  Marine  
  75  8:46  Marauder x3, Marine x2  
  75  8:47  Siege Tank  
  70  9:06  Marine x2  
  70  9:07  Marauder x3  
  70  9:09  SCV x2  
  75  9:14  Refinery  
  75  9:17  Viking  
  75  9:21  SCV x2  
  79  9:24  Marine x2  
  79  9:28  Marauder  
  83  9:33  SCV x2  
  83  9:35  Command Center  
  85  9:47  Viking  
  85  9:52  Engineering Bay, Siege Tank  
  90  9:57  Terran Vehicle And Ship Armor Level 1  
  90  10:02  Marine x2  
  90  10:03  Marauder x2, Marine  
  90  10:04  Terran Infantry Armor Level 1  
  97  10:10  Missile Turret  
  97  10:13  Missile Turret  
  97  10:20  Marine x2  
  99  10:22  Medivac  
  99  10:25  Missile Turret  
  99  10:26  Marauder x2  
  99  10:27  Marauder  
  107  10:32  SCV x2  
  109  10:38  Marine x2  
  111  10:44  SCV  
  111  10:47  Marauder, Marine  
  115  10:52  Medivac  
  117  11:13  SCV  
  117  11:14  SCV  
  119  11:26  SCV x2, Planetary Fortress  
  119  11:30  Missile Turret  
  119  11:31  Marauder x2  
  119  11:32  Marauder, Marine x2  
  129  11:35  Ghost Academy  
  129  11:36  Siege Tank  
  129  11:37  Terran Infantry Weapons Level 2  
  129  11:38  SCV  
  133  11:44  Supply Depot  
  133  11:47  Supply Depot  
  133  11:48  SCV  
  133  11:49  Supply Depot  
  133  11:50  SCV, Marine x2  
  133  11:51  Missile Turret  
  133  11:53  Marauder  
  132  11:55  Marauder  
  132  12:00  SCV  
  132  12:02  SCV  
  132  12:08  Siege Tank  
  125  12:11  Medivac  
  114  12:41  Medivac  
  114  12:44  Marauder x3, Marine x2  
  90  12:50  SCV x2  
  90  12:51  SCV  
  92  12:59  Barracks x2  
  92  13:00  Refinery  
  92  13:01  Refinery, Barracks  
  92  13:02  SCV, Marine x2  
  92  13:03  Barracks, Factory  
  92  13:05  Marauder x3  
  101  13:12  Command Center, Siege Tank  
  104  13:14  Starport Reactor  
  104  13:20  Marine x2  
  104  13:26  Marauder  
  104  13:27  Marauder x2  
  112  13:38  Marine x2  
  114  13:45  Siege Tank  
  114  13:47  Marine, Ghost x2  
  119  13:57  Marine x2  
  119  14:00  Barracks Reactor, Barracks Tech Lab  
  119  14:01  Barracks Tech Lab x2  
  105  14:02  Factory Tech Lab  
  105  14:06  Marauder  
  107  14:15  Marine  
  107  14:16  Marauder x2  
  112  14:34  Medivac x2  
  112  15:04  Medivac x2  
  116  15:08  Siege Tank x2  
  116  15:10  Marauder x4  
  116  15:11  Marauder x2, Marine x2  
  132  15:31  Marauder  
  132  15:32  Marauder x2  
  135  15:40  Siege Tank x2  
  134  15:54  Marauder x2  
  134  15:55  Marauder x4  
  134  15:56  Marine  
  146  15:57  Marine x3  
  146  15:59  Planetary Fortress  
  146  16:01  SCV x3  
  152  16:11  Viking  
  152  16:12  Viking  
  152  16:13  SCV x2  
  152  16:14  Marine  
  152  16:15  Marine x3  
  152  16:16  Marauder x5  
  172  16:40  Supply Depot x3  
  172  16:42  Supply Depot x2  
  172  16:43  Refinery, Supply Depot  
Tags
 
Add a new tag
Caveats
  • Supply blocks, unpowered buildings, or Contaminate may cause inaccurate times.
  • Supply counts are checked every 10 seconds.